 Dungeon Crawl Stone Soup version 0.32-a0-468-g38b2580584 (webtiles) character file.

Game seed: 9346638325561434214

128 CougarLife the Digger (level 5, 28/28 HPs)
             Began as a Gargoyle Earth Elementalist on Feb 25, 2024.
             Was an Initiate of Gozag.
             Quit the game on level 3 of the Dungeon.
             The game lasted 00:01:42 (2504 turns).

CougarLife the Digger (Gargoyle Earth Elementalist) Turns: 2504, Time: 00:01:42

Health: 28/28      AC:  8    Str: 11    XL:     5   Next: 12%
Magic:  9/9        EV: 11    Int: 18    God:    Gozag
Gold:   238        SH:  0    Dex: 10    Spells: 9/10 levels left

rFire   . . .        e - +0 dagger
rCold   . . .        (no shield)
rNeg    + . .        a - +0 robe
rPois   ∞            n - +0 helmet
rElec   +            k - +0 cloak
rCorr   .            (no gloves)
SInv    .            (no boots)
Will    .....        (no amulet)
Stlth   ++           (no ring)
HPRegen 0.24/turn    (no ring)
MPRegen 0.11/turn

%: no passive effects
@: no status effects
A: sickness immunity, AC +4, negative energy resistance 1, electricity
resistance, torment resistance 1, petrification resistance
a: Renounce Religion, Potion Petition, Call Merchant, Bribe Branch


You were on level 3 of the Dungeon.
You worshipped Gozag.
Gozag was aware of your devotion.
You visited 1 branch of the dungeon, and saw 3 of its levels.

You collected 254 gold pieces.
You paid 16 gold pieces to Gozag.

Inventory:

Hand Weapons
 e - a +0 dagger (weapon)
Missiles
 l - a throwing net
Armour
 a - a +0 robe (worn)
 k - a +0 cloak (worn)
 n - a +0 helmet (worn)
Scrolls
 c - 2 scrolls of enchant weapon {unknown}
 d - 4 scrolls of identify {unknown}
 f - 2 scrolls of revelation {unknown}
 g - 2 scrolls of fear {unknown}
 h - a scroll of silence {unknown}
 i - a scroll of poison {unknown}
 o - a scroll of amnesia {unknown}
 p - 3 scrolls of teleportation {unknown}
 s - a scroll of noise {unknown}
Potions
 b - a potion of magic
 j - a potion of ambrosia {unknown}
 m - a potion of brilliance {unknown}
 q - a potion of lignification {unknown}
 r - a potion of haste {unknown}
 t - a potion of curing {unknown}


   Skills:
 - Level 1.5 Dodging
 - Level 2.1 Stealth
 + Level 3.2 Spellcasting
 + Level 3.1 Conjurations
 + Level 4.8 Earth Magic


You had 9 spell levels left.
You knew the following spells:

 Your Spells              Type           Power      Damage    Failure   Level
a - Sandblast             Erth           40%        2d10      2%          1

Your spell library contained the following spells:

 Spells                   Type           Power      Damage    Failure   Level
 Passwall                 Erth           20%        N/A       6%          3
 Stone Arrow              Conj/Erth      34%        3d9       10%         3
 Call Imp                 Summ           4%         N/A       24%         2
 Brom's Barrelling Bould  Conj/Erth      17%        2d4       30%         4
 Petrify                  Alch/Erth      11%        N/A       52%         4
 Summon Hydra             Summ           1%         N/A       100%        7
 Sublimation of Blood     Necr           Unusable   N/A       N/A         2

Dungeon Overview and Level Annotations

Branches:
Dungeon (3/15)

Altars:
Gozag
Qazlal
Wu Jian
Zin
The Shining One

Shops:
D:1 !


Innate Abilities, Weirdness & Mutations

You are immune to sickness and miasma.
Your stone body is resilient. (AC +4)
You are immune to poison.
You resist negative energy. (rN+)
You are resistant to electric shocks. (rElec)
You are resistant to unholy torment.
You are immune to petrification.


Message History

You kill the orc!
No target in view!
You can't see any susceptible monsters within range! (Use Z to cast anyway.)
Found a stone staircase leading up.
You now have 209 gold pieces (gained 6).
You see here a +0 dagger.
No target in view!
You can't see any susceptible monsters within range! (Use Z to cast anyway.)
You now have 211 gold pieces (gained 2).
You now have 223 gold pieces (gained 12).
You open the door.
Found an ornate altar of the Wu Jian Council.
Found a stone staircase leading down.
No target in view!
You can't see any susceptible monsters within range! (Use Z to cast anyway.)
Found a stormy altar of Qazlal.
No target in view!
You can't see any susceptible monsters within range! (Use Z to cast anyway.)
There is an open door here.
There is an open door here.
You see here a +0 dagger.
You open the door. You open the door.
An endoplasm comes into view.
The endoplasm quivers.
There is an open door here.
You can't see any susceptible monsters within range! (Use Z to cast anyway.)
An endoplasm is nearby!
Found a book of Blood.
The blast of sand hits the endoplasm.
The endoplasm is severely wounded.
An endoplasm is nearby!
The endoplasm hits you but does no damage.
The blast of sand hits the endoplasm!
You kill the endoplasm!
You now have 228 gold pieces (gained 5).
You now have 238 gold pieces (gained 10).
You pick up a book of Blood and begin reading...
You add the spells Call Imp and Summon Hydra to your library.
Are you sure you want to abandon this character and quit the game? (Confirm with "yes".)

#.###'####
##...##
##.....##
##.......## .
#.........# .
+.........+ .
#.........#
##........##
##.....#.@#
##...###....#
##+## ######


There were no monsters in sight!

Vanquished Creatures
  4 gnolls
  4 adders
  A ribbon worm (D:2)
  2 dart slugs
  An orc (D:3)
  6 bats
  3 endoplasms
  3 giant cockroaches
  3 hobgoblins
  A quokka (D:1)
  2 ball pythons
  4 frilled lizards
  6 goblins
  4 kobolds
  4 rats
48 creatures vanquished.

Notes
Turn   | Place    | Note
-------+----------+-------------------------------------------
     0 | D:1      | CougarLife the Gargoyle Earth Elementalist began the quest
                  | for the Orb.
     0 | D:1      | Reached XP level 1. HP: 10/10 MP: 3/3
     1 | D:1      | Found Soad's Distillery.
     9 | D:1      | Found a faded altar of an unknown god.
   126 | D:1      | Reached XP level 2. HP: 12/15 MP: 1/5
   386 | D:1      | Reached skill level 4 in Earth Magic
   546 | D:1      | Reached XP level 3. HP: 10/19 MP: 2/6
   876 | D:2      | Found an opulent altar of Gozag.
   911 | D:2      | Reached XP level 4. HP: 24/24 MP: 1/8
   980 | D:2      | Became a worshipper of Gozag Ym Sagoz the Greedy
  2289 | D:3      | Found a glowing golden altar of the Shining One.
  2289 | D:3      | Found a glowing silver altar of Zin.
  2311 | D:3      | Reached XP level 5. HP: 25/28 MP: 6/9
  2390 | D:3      | Found an ornate altar of the Wu Jian Council.
  2391 | D:3      | Found a stormy altar of Qazlal.
  2504 | D:3      | Quit the game

Illustrated notes

Levels and vault maps discovered:
D:1:      lightli_arrival_maybe_door_vault, layout_rooms,
          hellmonk_ecumenical_altar_pennies_from_heaven, serial_forest,
          infiniplex_forest_clump_curved, infiniplex_forest_clump_diagonal,
          infiniplex_forest_lined_room_, infiniplex_forest_straight_2,
          infiniplex_forest_diagonal, serial_shops, shop
D:2:      layout_basic, basic_altar, chequers_serial_rivers_small_b
D:3:      layout_loops_corners, nicolae_overflow_hidden_temple,
          marbit_many_paths

Skill      XL: |  1  2  3  4 |
---------------+-------------+-----
Earth Magic    | 4 |  4.8
Conjurations   | 2 3 |  3.1
Spellcasting   | 3 |  3.2
Dodging        | |  1.5
Stealth        | |  2.1

Action                     |  1- 3 |  4- 6 || total
---------------------------+-------+-------++-------
  Melee: Unarmed           |     8 |       ||     8
         Dagger            |     9 |    11 ||    20
   Cast: Sandblast         |    36 |    36 ||    72
 Armour: Robe              |    31 |    20 ||    51
  Dodge: Dodged            |    25 |    18 ||    43

Table legend: (Time is in decaauts)
 A = Elapsed time spent in this place.
 B = Non-inter-level travel time spent in this place.
 C = Inter-level travel time spent in this place.
 D = Time resting spent in this place.
 E = Time spent auto-exploring this place.
 F = Levels seen in this place.
 G = Mean time per level.
                   A        B        C        D        E       F      G
               +--------+--------+--------+--------+--------+-----+--------+
         Total |   2543 |   2468 |     75 |     55 |   2064 |   3 |  847.7 |
       Dungeon |   2543 |   2468 |     75 |     55 |   2064 |   3 |  847.7 |
               +--------+--------+--------+--------+--------+-----+--------+

Top non-repeatable levels by time:
     D:2: 920 daAuts
     D:1: 891 daAuts
     D:3: 730 daAuts
